Match 40892167
Unlisted

Match 40892167
End
Panzerpioneer Squad
Selects Panzerjäger Kommand Battlegroup
Selects Mine Fields
Panzergrenadier Squad
250 Light Carrier
Panzergrenadier Squad
Construct Light Support Kompanie
2.5-tonne Medical Truck
Panzerjäger Squad
Selects Tank Busters
MG34 Team
Assault Mechanized Group
Construct Mechanized Kompanie
Selects Defensive Positions
Marder III Tank Destroyer
Veteran Squad Leaders
Gwangju's Hero Chun Doo-gwang
Low Expectation
MDJ13
Insurmountable Odds
0
0

Comments sign in to comment!

No comments posted yet!